 Dungeon Crawl Stone Soup version 0.21.1-1-g345015f (webtiles) character file.

2 shakethe the Firebug (level 1, 0/10 HPs)
             Began as a Tengu Fire Elementalist on Feb 9, 2018.
             Slain by a bat (1 damage)
             ... on level 1 of the Dungeon.
             The game lasted 00:00:48 (98 turns).

shakethe the Firebug (Tengu Fire Elementalist)        Turns: 98, Time: 00:00:49

Health: 0/10       AC:  2    Str:  8    XL:     1   Next: 40%
Magic:  1/4        EV: 12    Int: 15    God:
Gold:   14         SH:  0    Dex: 14    Spells: 3/4 levels left

rFire    . . .     SeeInvis .   (no weapon)
rCold    . . .     Gourm    .   (no shield)
rNeg     . . .     Faith    .   a - +0 robe
rPois    .         Spirit   .   (helmet restricted)
rElec    .         Reflect  .   (no cloak)
rCorr    .         Harm     .   (no gloves)
MR       .....                  (boots unavailable)
Stlth    ++........             (no amulet)
HPRegen  0.03/turn              (no ring)
MPRegen  0.09/turn              (no ring)

@: very slightly contaminated
A: beak, talons 3
a: no special abilities


You were on level 1 of the Dungeon.
You were not hungry.

You visited 1 branch of the dungeon, and saw 1 of its levels.

You collected 14 gold pieces.

Inventory:

Armour
 a - a +0 robe (worn)
Scrolls
 e - a scroll of identify {unknown}
Books
 b - a book of Flames
Comestibles
 c - 2 rations
 d - a chunk of flesh {@w0}


   Skills:
 - Level 2.1 Dodging
 - Level 2.0 Stealth
 + Level 2.0 Spellcasting
 * Level 1.6 Conjurations
 * Level 3.3 Fire Magic


You had 3 spell levels left.
You knew the following spells:

 Your Spells              Type           Power        Failure   Level  Hunger
a - Flame Tongue          Conj/Fire      #....        8%          1    #......


Dungeon Overview and Level Annotations

Branches:
Dungeon (1/15)

Altars:


Innate Abilities, Weirdness & Mutations

You have a beak for a mouth.
You have claws for feet.


Message History

You butcher the bat corpse.
d - a chunk of flesh {@w0}
c - 2 rations (gained 1)
Found a stone staircase leading down.
You now have 14 gold pieces.
e - a scroll labeled OTSUTT PAIRPHEU A kobold comes into view.
It is wielding a short sword.
A kobold is nearby!
A kobold is nearby!
A kobold is nearby!
A bat comes into view.
A bat is nearby!
The bat hits you but does no damage. The bat barely misses you.
Aim: a bat The flame tongue hits the bat.
The bat appears unharmed.
The bat barely misses you. The bat closely misses you.
You now have 2/4 mp.
Aim: a bat The flame tongue hits the bat.
The bat hits you but does no damage.
You now have 1/4 mp.
Aim: a bat (moderately wounded)
The flame tongue misses the bat.
The bat barely misses you.
You now have 0/4 mp.
A bat is nearby!
You don't have enough magic to cast that spell.
You hit the bat but do no damage. Your kick misses the bat.
The bat closely misses you. The bat closely misses you.
You hit the bat but do no damage. The bat hits you but does no damage.
The bat closely misses you. The bat closely misses you. The bat hits you.
You take 1 damage, and have 9/10 hp.
The bat closely misses you.
Aim: a bat You miscast Flame Tongue.
You are very lightly contaminated with residual magic.
Nothing appears to happen.
The bat hits you but does no damage.
You now have 0/4 mp.
You don't have enough magic to cast that spell.
The kobold shouts!
The bat barely misses you.
An ooze comes into view.
The ooze moves out of view.
The bat hits you but does no damage.
The ooze quivers.
The bat hits you but does no damage. The bat barely misses you.
The bat hits you but does no damage. The bat closely misses you.
The bat hits you but does no damage.
Health restored: 10
Aim: a bat You miscast Flame Tongue.
Your skin tingles.
The bat completely misses you.
You now have 0/4 mp.
The bat hits you.
You take 1 damage, and have 9/10 hp.
You don't have enough magic to cast that spell.
The bat barely misses you. The bat misses you. The bat completely misses you.
The bat misses you. The bat closely misses you. x2
Aim: a bat The flame tongue misses the bat.
The bat hits you but does no damage.
You now have 0/4 mp.
The bat barely misses you. The bat hits you.
The bat hits you but does no damage.
You take 1 damage, and have 8/10 hp.
The bat barely misses you. The bat barely misses you. x2
The bat hits you.
You take 1 damage, and have 7/10 hp.
The bat closely misses you. The kobold closely misses you.
The bat barely misses you. The bat barely misses you.
The bat closely misses you. The ooze hits you but does no damage.
The bat completely misses you. The bat misses you.
The bat hits you but does no damage. The bat hits you but does no damage.
The bat closely misses you. The bat misses you.
The bat hits you but does no damage.
Aim: a bat The flame tongue hits the ooze.
The bat barely misses you. The ooze hits you.
You take 1 damage, and have 6/10 hp.
You now have 0/4 mp.
The bat closely misses you. The ooze closely misses you.
The kobold closely misses you. The bat barely misses you. The ooze hits you.
Ouch! That really hurt!
* * * LOW HITPOINT WARNING * * *
You take 5 damage, and have 1/10 hp.
MASSIVE DAMAGE!!
The bat hits you but does no damage. The bat closely misses you.
The bat closely misses you. The bat hits you.
You die...

..............##....
..............##.....
....................#
....................#
...<...........##...#
...............##...#
....................#
....................#
.............##.@...#
.............##b....#
........##......JK..#
..##....##(.........#
..##..............###
.................##
.................#
#..###############
#..


You could see an ooze, a bat and a kobold.

Vanquished Creatures
  A hobgoblin (D:1)
  A bat (D:1)
  A frilled lizard (D:1)
3 creatures vanquished.

Notes
Turn   | Place    | Note
-------+----------+-------------------------------------------
     0 | D:1      | shakethe the Tengu Fire Elementalist began the quest for the Orb.
     0 | D:1      | Reached XP level 1. HP: 10/10 MP: 4/4
    94 | D:1      | HP: 1/10 [ooze (5)]
    98 | D:1      | Slain by a bat

Action                   || total
-------------------------++-------
Melee: Unarmed           ||     2
 Cast: Flame Tongue      ||     9
Armor: Robe              ||    15
Dodge: Dodged            ||    39

Vault maps used:
D:1:      dpeg_arrival_stonehenge_12_columns, st_stairs_10

Table legend:
 A = Turns spent in this place as a percentage of turns spent in the entire game.
 B = Non-inter-level travel turns spent in this place as a percentage of non-inter-level travel turns spent in the entire game.
 C = Inter-level travel turns spent in this place as a percentage of turns spent in this place.
 D = Turns resting spent in this place as a percentage of non-inter-level travel turns spent in this place.
 E = Turns spent auto-exploring this place as a percentage of non-inter-level travel turns spent in this place.
 F = Non-inter-level travel turns spent in this place divided by the number of levels of this place that you've seen.
                   A       B       C       D       E      F
               +-------+-------+-------+-------+-------+----------------------
         Total | 100.0 | 100.0 |   0.0 |   0.0 |  16.3 |  98.0
       Dungeon | 100.0 | 100.0 |   0.0 |   0.0 |  16.3 |  98.0
               +-------+-------+-------+-------+-------+----------------------

Table legend:
 A = Kills in this place as a percentage of kills in entire the game.
 B = Kills by you in this place as a percentage of kills by you in the entire game.
 C = Kills by friends in this place as a percentage of kills by friends in the entire game.
 D = Other kills in this place as a percentage of other kills in the entire game.
 E = Experience gained in this place as a percentage of experience gained in the entire game.
 F = Experience gained in this place divided by the number of levels of this place that you have seen.
                   A       B       C       D       E      F
               +-------+-------+-------+-------+-------+----------------------
         Total | 100.0 | 100.0 |   N/A |   N/A | 100.0 |   4.0
       Dungeon | 100.0 | 100.0 |   N/A |   N/A | 100.0 |   4.0
               +-------+-------+-------+-------+-------+----------------------
